 Dungeon Crawl Stone Soup version 0.30-b1-2-g02819fbbbe (webtiles) character file.

Game seed: 13708236303145255236

101894 night the Black Belt (level 15, -1/127 HPs)
             Began as a Demonspawn Monk on May 11, 2023.
             Was the Champion of Cheibriados.
             Shot with a bolt by a yaktaur (16 damage)
             ... on level 15 of the Dungeon.
             The game lasted 01:07:30 (26741 turns).

night the Black Belt (Demonspawn Monk)             Turns: 26741, Time: 01:07:30

Health: -1/127     AC: 24    Str: 34    XL:     15   Next: 84%
Magic:  22/22      EV: 21    Int: 31    God:    Cheibriados [******]
Gold:   1980       SH:  0    Dex: 32    Spells: 14/14 levels left

rFire   x .          .
                       - Unarmed
rCold   + + +        c - orb {light}
rNeg    . . .        n - +3 ice dragon scales of the Trees {rPois rF- rC++}
rPois   +            o - +0 helmet
rElec   .            k - +2 cloak
rCorr   .            (no gloves)
SInv    .            G - +3 pair of mountain boots {steadfast, rC+}
Will    ++...        D - amulet of reflection Stlth
                     h - +6 ring of strength
HPRegen 0.41/turn    B - ring of willpower
MPRegen 0.36/turn

%: reflection
@: confused, mighty, ambrosia-drunk, glowing, very slow
A: large bone plates 2, powered by pain 2, magic regeneration, weakness stinger
1
a: Renounce Religion, Bend Time, Temporal Distortion, Slouch, Step From Time


You were on level 15 of the Dungeon.
You worshipped Cheibriados.
Cheibriados was exalted by your worship.
You visited 4 branches of the dungeon, and saw 23 of its levels.
You also visited: Ice Cave.

You collected 2502 gold pieces.
You spent 522 gold pieces at shops.

Inventory:

Missiles
 a - a throwing net
 l - 7 javelins
 r - 2 silver boomerangs
 s - 42 poisoned darts (quivered)
Armour
 c - an orb of light (worn)
 k - a +2 cloak (worn)
 n - the +3 ice dragon scales of the Trees (worn) {rPois rF- rC++}
   (You found it on level 10 of the Dungeon)

   rF:        It makes you vulnerable to fire.
   rC:        It greatly protects you from cold.
   rPois:     It protects you from poison.
 o - a +0 helmet (worn)
 G - the +3 pair of mountain boots (worn) {steadfast, rC+}
   (You acquired it on level 11 of the Dungeon)

   Steadfast: It prevents involuntary movement, except for blinking,
   teleportation, or banishment.
   rC:        It protects you from cold.
Jewellery
 b - a ring of magical power
 g - a ring of poison resistance
 h - a +6 ring of strength (left hand)
 B - a ring of willpower (right hand)
 C - a ring of willpower
 D - an amulet of reflection (around neck)
 E - an amulet of guardian spirit
 N - a +4 ring of protection
 O - a ring of protection from fire
 P - a +5 ring of evasion
 R - the ring "Fusuofoe" {Fly rElec rC++ Will+ Dex-3}
   (You found it in an ice cave)

   [ring of flight]

   Dex:       It affects your dexterity (-3).
   rC:        It greatly protects you from cold.
   rElec:     It insulates you from electricity.
   Fly:       It grants you flight.
   Will:      It increases your willpower.
 S - the ring of Mucveh {*Corrode rF- Will+ MP+9 Int+9}
   (You found it in an ice cave)

   [ring of willpower]

   Int:       It affects your intelligence (+9).
   rF:        It makes you vulnerable to fire.
   MP:        It affects your magic capacity (+9).
   *Corrode:  It may corrode you when you take damage.
   Will:      It increases your willpower.
 T - a ring of see invisible
 U - a ring of protection from fire
Wands
 w - a wand of acid (6)
 y - a wand of flame (23)
 H - a wand of iceblast (5)
 I - a wand of mindburst (1)
 K - a wand of digging (4)
 Q - a wand of paralysis (4)
Scrolls
 i - 3 scrolls of teleportation
 j - 3 scrolls of vulnerability
 p - a scroll of fear
 u - a scroll of enchant weapon
 x - 2 scrolls of enchant armour
 A - a scroll of amnesia
 L - 4 scrolls of identify
 M - 2 scrolls of brand weapon
Potions
 d - 6 potions of heal wounds
 e - 13 potions of curing
 f - 3 potions of lignification
 m - a potion of flight
 q - 3 potions of cancellation
 t - a potion of ambrosia
 v - 4 potions of mutation
 z - a potion of magic
 J - 3 potions of invisibility


   Skills:
 + Level 14.5 Fighting
 + Level 9.1 Armour
 + Level 9.6 Dodging
 * Level 18.1 Unarmed Combat
 - Level 10.6 Invocations


You had 14 spell levels left.
You didn't know any spells.
Your spell library contained the following spells:

 Spells                   Type           Power      Damage    Failure   Level
 Beastly Appendage        Tmut           0%         N/A       17%         1
 Magic Dart               Conj           0%         1d3       17%         1
 Necrotise                Necr           0%         1d4       17%         1
 Slow                     Hex            0%         N/A       17%         1
 Summon Small Mammal      Summ           0%         N/A       17%         1
 Blink                    Tloc           0%         N/A       26%         2
 Call Imp                 Summ           0%         N/A       26%         2
 Cigotuvi's Dreadful Rot  Necr/Pois/Air  0%         N/A       26%         2
 Lesser Beckoning         Tloc           0%         N/A       26%         2
 Momentum Strike          Conj/Tloc      0%         3d8       26%         2
 Sublimation of Blood     Necr           0%         N/A       26%         2
 Wereblood                Tmut           0%         N/A       26%         2
 Confusing Touch          Hex            0%         N/A       45%         3
 Ignite Poison            Fire/Tmut/Pois 0%         N/A       45%         3
 Mephitic Cloud           Conj/Pois/Air  0%         N/A       45%         3
 Portal Projectile        Hex/Tloc       0%         N/A       45%         3
 Spider Form              Tmut/Pois      0%         N/A       45%         3
 Tukima's Dance           Hex            0%         N/A       45%         3
 Vampiric Draining        Necr           0%         2d6       45%         3
 Dispel Undead            Necr           0%         3d6       86%         4
 Petrify                  Tmut/Erth      0%         N/A       86%         4
 Agony                    Necr           0%         N/A       99%         5
 Blade Hands              Tmut           0%         N/A       99%         5
 Freezing Cloud           Conj/Ice/Air   0%         6-21      99%         5
 Irradiate                Conj/Tmut      0%         3d11      99%         5
 Summon Forest            Summ/Tloc      0%         N/A       99%         5
 Death Channel            Necr           0%         N/A       100%        6
 Eringya's Noxious Bog    Tmut/Pois      0%         N/A       100%        6
 Summon Hydra             Summ           0%         N/A       100%        7


Dungeon Overview and Level Annotations

Branches:
Dungeon (15/15)            Temple (1/1) D:7            Lair (5/5) D:8
  Swamp (0/4) Lair:3        Snake (0/4) Lair:2        Slime (0/5) Lair:5
    Orc (2/2) D:9             Elf (0/3) Orc:2        Vaults (0/5) D:13
  IceCv (visited)
 Depths: D:15

Altars:
Ashenzari
Cheibriados
Dithmenos
Fedhas
Gozag
Hepliaklqana
Kikubaaqudgha
Makhleb
Nemelex Xobeh
Okawaru
Qazlal
Ru
Sif Muna
Trog
Uskayaw
Vehumet
Wu Jian
Xom
Yredelemnul
Jiyva

Shops:
D:5 ?   D:6 [   D:8 [:[(!   Orc:2 *[:!

Annotations:
D:11 2 transporters, Goucsema's ghost, novice FoHu


Innate Abilities, Weirdness & Mutations

You are mostly covered in large bone plates. (SH +6)
You sometimes gain power by taking damage.
You regenerate magic rapidly.
You have a small tail.


Message History

A yaktaur comes into view.
The yaktaur shoots a bolt.
The bolt hits you!
You see here a +0 scimitar of flaming.
The yaktaur wields a +0 arbalest.
The yaktaur shoots a bolt.
The bolt hits you!
* * * LOW HITPOINT WARNING * * *
A yaktaur comes into view.
The yaktaur shoots a bolt.
The bolt closely misses you.
As you read the scroll labelled WUCKE UPHOBANI, it crumbles to dust.
The scroll dissolves into smoke.
It was a scroll of fog.
The yaktaur wields a +0 arbalest.
The yaktaur shoots a bolt.
The bolt hits you!
* * * LOW HITPOINT WARNING * * *
The yaktaur shoots a bolt.
The bolt closely misses you.
As you read the scroll of teleportation, it crumbles to dust.
You feel strangely unstable.
Your surroundings suddenly seem different.
A yaktaur comes into view.
Found a wand of paralysis (6).
The yaktaur shouts!
You hear two shouts!
The yaktaur wields a +3 arbalest.
The yaktaur shoots a bolt.
You block the bolt with an invisible shield... and reflect it back!
The bolt hits the yaktaur!!
The yaktaur shoots a bolt.
The bolt closely misses you.
The yaktaur shoots a bolt.
You block the bolt with an invisible shield... and reflect it back!
The bolt hits the yaktaur!!
The yaktaur shoots a bolt.
The bolt barely misses you.
The yaktaur shoots a bolt.
You block the bolt with an invisible shield... and reflect it back!
The bolt hits the yaktaur!!
You kill the yaktaur!
Cheibriados appreciates the change of pace.
The yaktaur shoots a bolt.
The bolt hits you.
* * * LOW HITPOINT WARNING * * *
You are confused.
You feel invigorated.
The yaktaur shoots a bolt.
The bolt hits you!
* * * LOW HITPOINT WARNING * * *
You focus on the pain.
You feel very mighty all of a sudden.
The yaktaur shoots a bolt.
The bolt hits you!
You die...

#.... #.### #.#
####.# #§§§.#
##§§§.# ###
###§§§§.# #.#
#..§§§..# #@#
#...§.§.#
#.######§§§....#
#.................
#.......c.)....###
#./.....c)c....#
#............cc#
#.....c........#
#.............c#
#...........


You could see a yaktaur.

Vanquished Creatures
  Gastronok (D:8)
  A white draconian (IceCv)
  Snorg (D:11)
  An ettin (shapeshifter) (D:14)
  7 hydras
  4 catoblepae
  2 ogre magi (Orc:2)
  Erica (D:8)
  A centaur warrior (D:15)
  10 two-headed ogres
  18 death yaks (Lair:5)
  3 tengu warriors
  3 boulder beetles
  Nergalle (D:10)
  4 skysharks
  Amaemon (D:11)
  5 skeletal warriors (D:14)
  2 deep trolls (Orc:1)
  A sea snake (shapeshifter) (D:13)
  A deep elf pyromancer (D:14)
  2 orc knights (Orc:1)
  6 ugly things
  2 orc sorcerers
  6 cyclopes
  3 manticores
  21 elephants
  Maurice (D:8)
  3 black mambas (Lair:5)
  An orange demon (D:11)
  15 cane toads
  2 ice statues (IceCv)
  3 unseen horrors
  6 rime drakes
  An efreet (D:15)
  2 ice devils (D:12)
  3 kobold demonologists
  A yaktaur (D:15)
  A freezing wraith (D:10)
  8 komodo dragons
  A tengu conjurer (D:14)
  A tyrant leech (Lair:3)
  A hornet (shapeshifter) (D:13)
  Prince Ribbit (D:7)
  15 trolls
  A wind drake (shapeshifter) (D:13)
  A meliai (D:9)
  3 hornets
  5 blink frogs (Lair:2)
  10 slime creatures
  A vampire (D:11)
  A centaur simulacrum (D:15)
  3 wraiths
  3 shadows
  8 wyverns
  5 basilisks
  75 yaks
  A steam dragon (D:9)
  10 vampire mosquitoes
  3 nagas (Lair:2)
  A warg (Orc:1)
  12 water moccasins
  2 swamp worms (Lair:3)
  3 acid dragons
  18 orc warriors
  A sky beast (shapeshifter) (D:14)
  A black bear (shapeshifter) (D:13)
  4 black bears
  2 ice beasts
  20 ogres
  3 wolves (Lair:1)
  6 centaurs
  A gnoll sergeant (D:8)
  Blork the orc (D:4)
  7 scorpions
  10 bullfrogs
  5 kobold brigands
  5 wights (D:9)
  10 killer bees
  4 electric eels
  7 howler monkeys
  A vampire bat (D:5)
  3 hounds
  5 jellies
  10 komodo dragon simulacra (IceCv)
  17 orc priests
  A gnoll bouda (D:8)
  2 sleepcaps (D:5)
  5 hell rats
  5 iguanas
  18 orc wizards
  11 gnolls
  11 adders
  4 acid dragon simulacra (IceCv)
  A white imp (D:3)
  7 steam dragon simulacra (IceCv)
  3 worms
  3 fire bats (D:5)
  57 orcs
  2 spectral bats (D:5)
  6 ball pythons
  14 bats
  3 bat skeletons (D:5)
  A bat zombie (D:5)
  5 endoplasms
  A giant cockroach (D:1)
  4 goblins
  3 hobgoblins
  3 quokkas
  A bat simulacrum (D:5)
  3 frilled lizards (D:1)
  18 kobolds
  9 rats
664 creatures vanquished.

Vanquished Creatures (others)
  A rime drake (IceCv)
  An orc priest (Orc:2)
  64 fungi
  64 plants
130 creatures vanquished.

Grand Total: 794 creatures vanquished

Notes
Turn   | Place    | Note
-------+----------+-------------------------------------------
     0 | D:1      | night the Demonspawn Monk began the quest for the Orb.
     0 | D:1      | Reached XP level 1. HP: 18/18 MP: 1/1
   266 | D:1      | Gained mutation: You are partially covered in large bone
                  | plates. (SH +4) [demonic ancestry]
   266 | D:1      | Reached XP level 2. HP: 15/24 MP: 2/2
   736 | D:1      | Reached skill level 3 in Unarmed Combat
  1045 | D:1      | Gained mutation: You sometimes gain a little power by
                  | taking damage. [demonic ancestry]
  1045 | D:1      | Reached XP level 3. HP: 25/29 MP: 3/3
  1325 | D:2      | Reached XP level 4. HP: 7/37 MP: 4/4
  1916 | D:3      | Reached skill level 4 in Unarmed Combat
  1916 | D:3      | Gained mutation: You have a small tail. [demonic ancestry]
  1916 | D:3      | Reached XP level 5. HP: 37/43 MP: 5/5
  2373 | D:3      | Found a shimmering blue altar of Sif Muna.
  2408 | D:3      | Got Sif Muna's Writings on Beckoning
  2413 | D:3      | Found a bloodstained altar of Trog.
  2792 | D:3      | Reached XP level 6. HP: 43/50 MP: 6/6
  2799 | D:3      | Reached skill level 5 in Unarmed Combat
  2861 | D:4      | Reached skill level 5 in Fighting
  3328 | D:4      | Noticed Blork the orc
  3354 | D:4      | Killed Blork the orc
  3405 | D:4      | Gained mutation: You sometimes gain power by taking damage.
                  | [demonic ancestry]
  3405 | D:4      | Reached XP level 7. HP: 26/56 MP: 7/7
  3737 | D:5      | Entered Level 5 of the Dungeon
  3801 | D:5      | Reached skill level 6 in Unarmed Combat
  4240 | D:5      | Found a radiant altar of Vehumet.
  4332 | D:5      | Reached skill level 7 in Unarmed Combat
  4385 | D:5      | Reached XP level 8. HP: 63/65 MP: 8/8
  4558 | D:5      | Found a transporter.
  4558 | D:5      | Found Coebetem's Magic Scroll Shoppe.
  4562 | D:5      | Found a transporter.
  4567 | D:5      | Bought a scroll of enchant armour for 90 gold pieces
  4567 | D:5      | Bought a scroll of identify for 24 gold pieces
  4901 | D:6      | Found Doomauck's Armour Shoppe.
  5137 | D:6      | Reached skill level 8 in Unarmed Combat
  5742 | D:7      | Found a staircase to the Ecumenical Temple.
  5748 | Temple   | Entered the Ecumenical Temple
  5940 | Temple   | Became a worshipper of Cheibriados the Contemplative
  5940 | Temple   | Reached * piety under Cheibriados
  5940 | Temple   | Reached ** piety under Cheibriados
  6141 | D:7      | Reached skill level 1 in Invocations
  6167 | D:7      | Noticed Prince Ribbit
  6238 | D:7      | Was placed under penance by Cheibriados
  6259 | D:7      | Killed Prince Ribbit
  6260 | D:7      | Reached skill level 9 in Unarmed Combat
  6260 | D:7      | Reached XP level 9. HP: 71/72 MP: 8/10
  6472 | D:7      | Was forgiven by Cheibriados
  6633 | D:8      | Found Amuume's Antique Weapon Shop.
  6648 | D:8      | Found a shimmering altar of Xom.
  6657 | D:8      | Found a shimmering altar of Xom.
  6658 | D:8      | Found a shimmering altar of Xom.
  6661 | D:8      | Found a shimmering altar of Xom.
  6809 | D:8      | Found Pikeliuch's Book Shoppe.
  6833 | D:8      | Found a basalt altar of Yredelemnul.
  7117 | D:8      | Found Caetier's Antique Armour Shop.
  7140 | D:8      | Noticed Erica
  7158 | D:8      | Killed Erica
  7159 | D:8      | Reached skill level 10 in Unarmed Combat
  7159 | D:8      | Reached skill level 5 in Invocations
  7213 | D:8      | Noticed a komodo dragon
  7225 | D:8      | Killed a komodo dragon
  7331 | D:8      | Reached XP level 10. HP: 68/82 MP: 14/14
  7476 | D:8      | Found Anojuawo's Distillery.
  7522 | D:8      | Noticed Gastronok
  7543 | D:8      | Killed Gastronok
  7544 | D:8      | Reached skill level 11 in Unarmed Combat
  7700 | D:8      | Found a staircase to the Lair.
  7763 | D:8      | Noticed Maurice
  7779 | D:8      | Killed Maurice
  7956 | D:8      | Found a sparkling altar of Nemelex Xobeh.
  8228 | D:8      | Found Fypnisoi's Antique Armour Emporium.
  8231 | D:8      | Bought a pitted ring mail for 198 gold pieces
  8231 | D:8      | Identified the +1 ring mail "Pezicyad" {Harm Stlth+} (You
                  | bought it in a shop on level 8 of the Dungeon)
  8302 | D:9      | Paralysed by a hornet for 3 turns
  8760 | D:9      | You fall into a shaft and drop 1 floor!
  8760 | D:10     | Entered Level 10 of the Dungeon
  9046 | D:9      | Reached *** piety under Cheibriados
  9057 | D:9      | Found a staircase to the Orcish Mines.
  9203 | D:9      | Found a blossoming altar of Fedhas.
  9206 | D:9      | Found a hazy altar of Hepliaklqana.
  9393 | D:9      | Reached XP level 11. HP: 65/85 MP: 17/17
  9504 | D:10     | Noticed a two-headed ogre
  9510 | D:10     | Reached skill level 12 in Unarmed Combat
  9515 | D:10     | Killed a two-headed ogre
  9518 | D:10     | Reached skill level 10 in Fighting
  9613 | D:10     | Noticed a catoblepas
  9714 | D:9      | Killed a catoblepas
 10073 | D:10     | Noticed a two-headed ogre
 10082 | D:10     | Killed a two-headed ogre
 10385 | D:10     | Reached **** piety under Cheibriados
 10593 | D:10     | Noticed a boulder beetle
 10614 | D:9      | HP: 3/92 [yak (13)]
 10855 | D:9      | Killed a boulder beetle
 10856 | D:9      | Reached skill level 13 in Unarmed Combat
 10856 | D:9      | Reached skill level 10 in Invocations
 11406 | D:10     | Identified the +3 ice dragon scales of the Trees {rPois rF-
                  | rC++}
 11991 | D:11     | Noticed Nergalle
 12002 | D:10     | Killed Nergalle
 12003 | D:10     | Reached XP level 12. HP: 99/100 MP: 19/19
 12082 | Lair:1   | Entered Level 1 of the Lair of Beasts
 12102 | Lair:1   | Reached skill level 1 in Armour
 12126 | Lair:1   | Reached ***** piety under Cheibriados
 12781 | Lair:1   | Reached skill level 14 in Unarmed Combat
 13366 | Lair:2   | Found a staircase to the Snake Pit.
 14452 | Lair:2   | Reached skill level 5 in Dodging
 15001 | Lair:3   | You fall into a shaft and drop 2 floors!
 15001 | Lair:5   | Entered Level 5 of the Lair of Beasts
 15001 | Lair:5   | Noticed a death yak
 15001 | Lair:5   | Noticed a death yak
 15001 | Lair:5   | Noticed a death yak
 15001 | Lair:5   | Noticed a death yak
 15001 | Lair:5   | Noticed a death yak
 15001 | Lair:5   | Noticed a death yak
 15011 | Lair:5   | Found a viscous altar of Jiyva.
 15011 | Lair:5   | Found a staircase to the Slime Pits.
 15033 | Lair:5   | Gained mutation: You are mostly covered in large bone
                  | plates. (SH +6) [demonic ancestry]
 15033 | Lair:5   | Reached XP level 13. HP: 49/107 MP: 20/20
 15074 | Lair:5   | Reached skill level 15 in Unarmed Combat
 15467 | Lair:3   | Paralysed by a hornet for 1 turns
 15853 | Lair:3   | Reached skill level 5 in Armour
 16037 | Lair:3   | Found a staircase to the Swamp.
 17151 | D:8      | Bought a potion of curing for 30 gold pieces
 17151 | D:8      | Bought 2 potions of heal wounds for 100 gold pieces
 17151 | D:8      | Bought a potion of ambrosia for 80 gold pieces
 17959 | Lair:5   | Reached XP level 14. HP: 22/116 MP: 21/21
 17973 | Lair:5   | Reached skill level 16 in Unarmed Combat
 19367 | Lair:5   | Reached ****** piety under Cheibriados
 19931 | Orc:1    | Entered Level 1 of the Orcish Mines
 20167 | Orc:2    | Entered Level 2 of the Orcish Mines
 20167 | Orc:2    | Found Ybackal's Distillery.
 20717 | D:11     | Identified a scroll of acquirement
 20717 | D:11     | Acquired the +3 pair of mountain boots {steadfast, rC+}
 20717 | D:11     | Found the +3 pair of mountain boots {steadfast, rC+}
 20772 | D:11     | Found a transporter.
 20777 | D:11     | Found a transporter.
 20779 | D:11     | Noticed Goucsema's ghost (novice FoHu)
 20797 | D:11     | Noticed Amaemon
 20803 | D:11     | Killed Amaemon
 20862 | D:11     | Reached skill level 17 in Unarmed Combat
 21119 | D:11     | Noticed Snorg
 21126 | D:11     | Killed Snorg
 21797 | Orc:2    | Gained mutation: You regenerate magic rapidly. [demonic
                  | ancestry]
 21797 | Orc:2    | Reached XP level 15. HP: 98/125 MP: 22/22
 22005 | Orc:2    | Found Bukat's Book Boutique.
 22017 | Orc:2    | Found Fonuideats's Antique Armour Emporium.
 22018 | Orc:2    | Found Xaaxucit's Assorted Antiques.
 22750 | Orc:2    | Found a staircase to the Elven Halls.
 23514 | D:12     | Found a frozen archway.
 23533 | IceCv    | Entered an ice cave
 23728 | IceCv    | Identified the ring "Fusuofoe" {Fly rElec rC++ Will+ Dex-3}
 23731 | IceCv    | Identified the ring of Mucveh {*Corrode rF- Will+ MP+9
                  | Int+9}
 24217 | D:13     | Found a gate to the Vaults.
 25230 | D:14     | HP: 5/127 [skeletal warrior/+2 glaive of venom (5)]
 26044 | D:14     | Reached skill level 18 in Unarmed Combat
 26447 | D:15     | Entered Level 15 of the Dungeon
 26741 | D:15     | Shot with a bolt by a yaktaur

Illustrated notes

Levels and vault maps discovered:
D:1:      heliophobic_arrival_glass_houses, layout_basic
D:2:      layout_rooms, chequers_serial_rivers_room_a,
          kennysheep_generic_room_15
D:3:      layout_loops_cross, nzn_overflow_gifts_of_might_and_magic
D:4:      layout_cave_pools, zin_treasury, chequers_serial_rivers_micro_a,
          minmay_misc_feat_cross, uniq_blork_the_orc
D:5:      layout_cave_pools, mainiacjoe_overflow_surrounded_room, serial_shops,
          nicolae_shop_drivethru, goddamned_bats
D:6:      layout_rooms, serial_shops, nicolae_shop_hallway_stairs
D:7:      layout_basic, elyvilon_altar_4, minmay_temple_entry_grid,
          nrook_campfire, uniq_prince_ribbit1
D:8:      layout_basic, mainiacjoe_overflow_large_starburst, xom_redecorated,
          due_lair_maze_entry_diamond, serial_shops, shop, shop_fountains,
          kennysheep_mini, nicolae_shop_advertising_works
          [nicolae_subvault_shop_adworks], nicolae_shop_overgrown_old_shop,
          st_stairs_2, serial_park_tiny_pond, uniq_gastronok, uniq_maurice,
          uniq_erica
D:9:      layout_roguey, fedhas_altar_1,
          chequers_temple_overflow_statue_of_worship, david_orc_3
D:10:     cheibrodos_ideogram_h, layout_irregular_city
D:11:     cheibrodos_helix_gallery, layout_irregular_city, gammafunk_ghost_hive,
          uniq_amaemon, uniq_nergalle, uniq_snorg
D:12:     layout_rooms, portal_ice_cave_demonic_guard,
          chequers_serial_rivers_room_a
D:13:     layout_roguey, david_vaults_2
D:14:     layout_gridville, serial_park_fountain
D:15:     gammafunk_enter_depths_forms, layout_small_grid,
          minmay_misc_feat_four_crosses, minmay_misc_feat_doors
Temple:   grunt_temple_mini_profane
Lair:1:   layout_cave_pods, infiniplex_staircase_pool, grunt_megastairs_4
Lair:2:   layout_cave_pods, guppyfry_snake_entry_island
Lair:3:   layout_concentric_octagons, palyth_hydra_swamp_entry,
          grunt_megastairs_1, serial_bayou_shore_a
Lair:4:   layout_hall_layers, grunt_megastairs_3
Lair:5:   evilmike_catoblepas_cave, layout_hall_layers,
          nicolae_slime_entry_field_trip, grunt_megastairs_5,
          lemuel_fruit_fields, infiniplex_staircase_pool_2
Orc:1:    layout_diamond_mine
Orc:2:    st_orc_open, layout_caves, basic_altar

Skill      XL: |  1  2  3  4  5  6  7  8  9 10 11 12 13 14 15 |
---------------+----------------------------------------------+-----
Unarmed Combat | 3 4 5 7 9 10 11 13 14 15 17 18 | 18.1
Fighting       | 4 5 6 7 8 9 11 12 13 14 | 14.5
Invocations    | 2 5 8 10 | 10.6
Dodging        | 3 5 6 8 9 |  9.6
Armour         | 4 6 7 9 |  9.1

Action                     |  1- 3 |  4- 6 |  7- 9 | 10-12 | 13-15 || total
---------------------------+-------+-------+-------+-------+-------++-------
  Melee: Unarmed           |   103 |   193 |   330 |   576 |  1074 ||  2276
         Tailslap          |       |    36 |    73 |   126 |   266 ||   501
  Throw: Boomerang         |       |     6 |       |       |       ||     6
         Dart              |       |     3 |    11 |    11 |       ||    25
         Throwing net      |       |     2 |       |       |       ||     2
         Javelin           |       |       |     1 |       |       ||     1
 Invoke: Bend Time         |       |       |     1 |     1 |       ||     2
         Slouch            |       |       |       |     1 |     8 ||     9
         Step From Time    |       |       |       |       |     2 ||     2
  Evoke: Wand              |       |       |     2 |     6 |     5 ||    13
    Use: Scroll            |     2 |     6 |     8 |     9 |     8 ||    33
         Potion            |       |       |       |     5 |     6 ||    11
 Armour: Robe              |     6 |    10 |       |       |       ||    16
         Leather armour    |       |    22 |       |       |       ||    22
         Ring mail         |       |       |   115 |    85 |       ||   200
         Ice dragon scales |       |       |       |   117 |   319 ||   436
  Dodge: Dodged            |    56 |   101 |   171 |   278 |   661 ||  1267
  Block: Orb               |    10 |    25 |    89 |   224 |   535 ||   883
         Reflection        |       |       |     4 |    16 |    22 ||    42
